 Dungeon Crawl Stone Soup version 0.17-a0-2109-g117576f (webtiles) character file.

70 M4edhros the Charlatan (level 4, -6/29 HPs)
             Began as an Octopode Artificer on Oct 19, 2015.
             Mangled by a gnoll
             ... wielding a +0 halberd
              (12 damage)
             ... on level 3 of the Dungeon.
             The game lasted 00:02:12 (864 turns).

M4edhros the Charlatan (Octopode Artificer)          Turns: 864, Time: 00:02:12

Health: -6/29      AC:  1    Str: 10    XL:     4   Next: 21%
Magic:  6/6        EV: 10    Int: 14    God:
Gold:   90         SH:  7    Dex: 13    Spells: 0 memorised, 3 levels left

rFire  . . .     SeeInvis .     a - +0 short sword
rCold  . . .     Clarity  .     g - +0 shield
rNeg   . . .     SustAt   .     (helmet restricted)
rPois  .         Gourm    .     (no amulet)
rElec  .         Spirit   .     p - +4 ring of slaying (curse)
rCorr  .         Warding  .     (no ring)
rMut   .         Stasis   .     (no ring)
MR     .....                    (no ring)
Stlth  +++.......               (no ring)
                                (no ring)
                                (no ring)
                                (no ring)

@: not resistant to hostile enchantments, fairly stealthy
A: almost no armour, amphibious, 8 rings, constrict 8, camouflage 1, gelatinous
body 1
a: no special abilities


You were on level 3 of the Dungeon.
You were not hungry.

You visited 1 branch of the dungeon, and saw 3 of its levels.

You collected 90 gold pieces.

Inventory:

Hand Weapons
 a - a +0 short sword (weapon)
 r - a +1 hunting sling
Missiles
 o - 6 javelins (quivered)
Armour
 g - a +0 shield (worn)
Jewellery
 p - a cursed +4 ring of slaying (left tentacle)
Wands
 b - a wand of flame (15)
 c - a wand of enslavement (15)
 d - a wand of random effects (15)
Scrolls
 i - a scroll of magic mapping {unknown}
Potions
 f - a potion of haste {unknown}
 j - a potion of invisibility {unknown}
 k - 2 potions of brilliance {unknown}
Comestibles
 e - 3 bread rations
 h - a royal jelly
 l - a meat ration
 n - 2 fruits


   Skills:
 + Level 2.0 Fighting
 - Level 1.0 Short Blades
 + Level 2.2 Dodging
 * Level 3.3 Stealth
 * Level 1.6 Shields
 + Level 3.5 Evocations


You had 3 spell levels left.
You didn't know any spells.

Dungeon Overview and Level Annotations

Branches:
Dungeon (3/15)

Altars:


Innate Abilities, Weirdness & Mutations

You cannot wear most types of armour.
You are amphibious.
You can wear up to eight rings at the same time.
You can use your tentacles to constrict eight enemies at once.
Your skin changes colour to match your surroundings (Stealth).
Your rubbery body absorbs attacks (AC +1).


Message History

Found a meat ration.
You block the gnoll's attack. You block the gnoll's attack.
You closely miss the gnoll.
The gnoll shouts!
You grab the gnoll. You constrict the gnoll. The gnoll hits you with a halberd!
You hit the gnoll.
The gnoll is heavily wounded.
You constrict the gnoll. The gnoll hits you with a halberd!
* * * LOW HITPOINT WARNING * * *
You are too injured to fight recklessly!
You are too injured to fight recklessly!
Drink which item? (? for menu, Esc to quit)
Okay, then.
Read which item? (? for menu, Esc to quit)
Okay, then.
You completely miss the gnoll.
The gnoll is heavily wounded.
You constrict the gnoll. The gnoll hits you with a halberd!
You die...

.....#..####...#...#............#
###...............#..............
##.......#................K..).
#...........##...........[.<..
#.............................
#.............................
##..)..........................
#).............................
#.#....<......@................
#####........gg..#.....#......#
#.................##.######
#####........####.(..
###.####......>. .#### #..#
#...). .% ..... ..... .....
.####. ##..... ..... ..####
#...... ..% ......


You could see 2 gnolls.

Vanquished Creatures
  3 adders
  A worm (D:3)
  3 giant geckos
  5 orcs
  5 bats
  4 hobgoblins
  4 kobolds
  A ball python (D:3)
  2 giant newts
  2 goblins
  2 rats
32 creatures vanquished.

Notes
Turn   | Place    | Note
--------------------------------------------------------------
     0 | D:1      | M4edhros the Octopode Artificer began the quest for the Orb.
     0 | D:1      | Reached XP level 1. HP: 13/13 MP: 3/3
   101 | D:1      | Reached XP level 2. HP: 13/18 MP: 4/4
   344 | D:2      | Reached skill level 1 in Shields
   344 | D:2      | Reached XP level 3. HP: 22/24 MP: 5/5
   788 | D:3      | Reached XP level 4. HP: 29/29 MP: 6/6
   864 | D:3      | Mangled by a gnoll

Vault maps used:
D:1:      minmay_arrival_open_corners, serial_forest,
          infiniplex_forest_diagonal, infiniplex_forest_clump_long,
          infiniplex_forest_3_way, infiniplex_forest_straight_4,
          infiniplex_forest_straight_4, infiniplex_forest_lined_4_way,
          grunt_decor_one_mirror
D:3:      lemuel_coloured_pillars_altar, lemuel_doored_altar, serial_curves,
          eino_curves_02, eino_curves_01, eino_curves_03

Action                   |  1- 3 |  4- 6 || total
-------------------------+-------+-------++-------
Melee: Short sword       |    72 |    10 ||    82
Throw: Javelin           |       |     1 ||     1
  Use: Scroll            |     1 |     3 ||     4
 Stab: Sleeping          |     7 |       ||     7
